AoeStats
← pale.feola

Black Forest

510383249Analyzed
2v2 RM · 2d ago on Sep 30, 2026· 69m 20s· 4 players
Game mode
Random Map
Map size
Medium (4 player)
Population
200
Speed
Normal
Resources
Standard
Victory
Conquest
Starting age
Dark Age
Ending age
Imperial Age
RankedLock teamsTeams togetherTeam positionsShared explorationLock speedFull tech treeHidden civsTurbo modeCheats
Victory
Defeat
🇮🇹 Franks · Italy
769
+14
🇮🇹 Khmer · Italy
766
+14
🇬🇧 Celts · United Kingdom
795
-17
🇬🇧 Franks · United Kingdom
650
-11
crazycris271
0:51 Loom
16:42 Feudal Age
19:03 Double-Bit Axe
19:50 Stone Mining
20:35 Gold Mining
23:26 Castle Age
22:33 Town Watch
23:24 Wheelbarrow
24:11 Caravan
24:29 Bow Saw
27:06 Town Patrol
29:16 Hand Cart
36:36 Imperial Age
35:26 Fletching
37:33 Heavy Scorpion
38:04 Pikeman
38:47 Bodkin Arrow
39:49 Forging
39:40 Scale Mail Armor
39:46 Scale Barding Armor
39:46 Husbandry
40:45 Fortified Wall
40:38 Cavalier
42:25 Chivalry
42:23 Paladin
42:32 Onager
44:14 Iron Casting
44:00 Chain Barding Armor
44:38 Conscription
45:25 Plate Barding Armor
45:06 Chain Mail Armor
45:17 Elite Throwing Axeman
45:18 Ordonnance Companies
47:48 Blast Furnace
48:10 Squires
58:56 Masonry
58:42 Murder Holes
61:22 Chemistry
60:52 Architecture
IceboundRAIDER
1:01 Loom
15:20 Feudal Age
18:14 Horse Collar
19:38 Double-Bit Axe
25:41 Castle Age
25:00 Stone Mining
26:01 Gold Mining
28:41 Wheelbarrow
28:52 Heavy Plow
31:19 Bow Saw
34:00 Hand Cart
34:51 Gold Shaft Mining
35:23 Fortified Wall
35:34 Ballistics
38:05 Imperial Age
38:58 Stone Shaft Mining
38:41 Cavalier
39:22 Husbandry
38:45 Light Cavalry
39:53 Heavy Scorpion
42:21 Furor Celtica
44:31 Hussar
46:17 Paladin
51:34 Gambesons
51:36 Arson
53:22 Capped Ram
55:28 Siege Ram
56:55 Pikeman
58:50 Halberdier
Giank
3:02 Loom
14:27 Feudal Age
15:25 Double-Bit Axe
15:39 Gold Mining
19:38 Castle Age
18:39 Horse Collar
21:59 Bow Saw
23:17 Town Watch
24:08 Wheelbarrow
27:08 Town Patrol
28:39 Hand Cart
28:37 Stone Mining
34:43 Imperial Age
32:41 Heavy Plow
33:07 Arson
32:43 Pikeman
32:43 Man-at-Arms
34:45 Husbandry
34:55 Bloodlines
36:10 Gold Shaft Mining
36:40 Chemistry
36:01 Ballistics
35:52 Masonry
35:39 Murder Holes
35:55 Fortified Wall
35:35 Halberdier
35:38 Long Swordsman
38:16 Conscription
38:32 Hoardings
38:52 Crop Rotation
38:29 Fletching
38:40 Padded Archer Armor
38:42 Two-Handed Swordsman
40:54 Heavy Scorpion
41:54 Light Cavalry
43:34 Double Crossbow
43:59 Forging
43:44 Bodkin Arrow
44:05 Leather Archer Armor
43:51 Scale Mail Armor
43:57 Scale Barding Armor
43:18 Hussar
48:27 Bracer
48:58 Ring Archer Armor
48:44 Chain Mail Armor
49:04 Iron Casting
48:51 Chain Barding Armor
53:42 Siege Engineers
54:08 Architecture
54:42 Blast Furnace
54:18 Plate Barding Armor
53:18 Elite Ballista Elephant
pale.feola
9:49 Loom
11:35 Feudal Age
16:05 Castle Age
21:19 Town Watch
22:13 Wheelbarrow
23:15 Town Patrol
24:04 Hand Cart
23:40 Double-Bit Axe
23:56 Stone Mining
26:22 Forging
26:20 Scale Barding Armor
31:27 Imperial Age
31:05 Gold Mining
31:28 Bow Saw
33:03 Iron Casting
32:49 Chain Barding Armor
32:30 Scale Mail Armor
34:59 Blast Furnace
33:27 Cavalier
34:08 Husbandry
35:14 Gold Shaft Mining
35:20 Plate Barding Armor
34:46 Scale Mail Armor
35:10 Conscription
35:11 Paladin
37:28 Chemistry
36:34 Siege Engineers
36:41 Fortified Wall
36:40 Siege Engineers
36:10 Onager
36:42 Man-at-Arms
36:42 Pikeman
37:22 Squires
37:08 Arson
37:09 Gambesons
42:51 Theocracy
42:49 Illumination
41:58 Halberdier
41:58 Long Swordsman
45:44 Caravan
52:10 Chain Mail Armor
51:25 Two-Handed Swordsman
Connection lost

Rejoining the realm…

Still unreachable

The connection could not be restored.

Session expired

The server has moved on; the page needs a fresh start.